 Dungeon Crawl Stone Soup version 0.19-a0-27-g415f530 (webtiles) character file.

716 epen the Sneak (level 7, -2/35 HPs)
             Began as a Spriggan Enchanter on May 1, 2016.
             Slain by Dowan
             ... wielding a +0 dagger of venom
              (5 damage)
             ... on level 6 of the Dungeon.
             The game lasted 00:09:26 (5073 turns).

epen the Sneak (Spriggan Enchanter)                 Turns: 5073, Time: 00:09:28

Health: -2/35      AC:  4    Str:  4    XL:     7   Next: 41%
Magic:  3/14       EV: 21    Int: 17    God:
Gold:   308        SH:  6    Dex: 18    Spells: 3 memorised, 8 levels left

rFire  . . .     SeeInvis +     a - +1 dagger
rCold  . . .     Gourm    .     b - +2 robe
rNeg   . . .     Faith    .     j - +0 buckler
rPois  .         Spirit   .     (helmet restricted)
rElec  .         Dismiss  .     (no cloak)
rCorr  +         Reflect  .     (gloves unavailable)
SustAt .         Harm     .     (boots unavailable)
MR     +....                    (no amulet)
Stlth  ++++......               A - ring of wizardry
                                y - ring of resist corrosion

@: lethally poisoned (-2 -> -22), very slightly contaminated, very quick,
somewhat resistant to hostile enchantments, stealthy
A: unfitting armour, see invisible, herbivore 3, speed 3, slow metabolism 2
a: no special abilities


You were on level 6 of the Dungeon.
You were full.

You visited 1 branch of the dungeon, and saw 6 of its levels.

You collected 308 gold pieces.

Inventory:

Hand Weapons
 a - a +1 dagger (weapon)
Armour
 b - a +2 robe (worn)
 j - a +0 buckler (worn)
Jewellery
 o - an uncursed amulet of harm
 y - a ring of resist corrosion (left hand)
 A - a ring of wizardry (right hand)
Wands
 s - a wand of polymorph (7/24)
 v - a wand of random effects (41/48)
Scrolls
 f - a scroll of blinking
 g - 2 scrolls of recharging
 h - 2 scrolls of identify
 i - 2 scrolls of enchant weapon {unknown}
 k - a scroll of fog {unknown}
 l - 3 scrolls of enchant armour
 m - a scroll of teleportation
 p - 3 scrolls of magic mapping
 q - 2 scrolls of remove curse
Potions
 e - a potion of cancellation
 n - 3 potions of heal wounds
 r - a potion of agility
 t - a potion of brilliance {unknown}
 u - a potion of flight
 w - a potion of berserk rage {unknown}
 z - a potion of magic {unknown}
Books
 c - a book of Maledictions

   Spells                             Type                      Level
   a - Corona                         Hexes                        1
   b - Ensorcelled Hibernation        Hexes/Ice                    2
   c - Confuse                        Hexes                        3
   d - Tukima's Dance                 Hexes                        3
   e - Dazzling Spray                 Conjuration/Hexes            3
 x - a book of Minor Magic

   Spells                             Type                      Level
   a - Magic Dart                     Conjuration                  1
   b - Blink                          Translocation                2
   c - Call Imp                       Summoning                    2
   d - Repel Missiles                 Charms/Air                   2
   e - Slow                           Hexes                        2
   f - Conjure Flame                  Conjuration/Fire             3
   g - Mephitic Cloud                 Conjuration/Poison/Air       3
Comestibles
 d - 4 bread rations


   Skills:
 + Level 2.2 Fighting
 * Level 4.1 Short Blades
 * Level 6.2 Dodging
 + Level 6.6 Stealth
 + Level 1.1 Shields
 + Level 4.1 Spellcasting
 + Level 4.8 Hexes


You had 8 spell levels left.
You knew the following spells:

 Your Spells              Type           Power        Failure   Level  Hunger
a - Corona                Hex            ###....      1%          1    None
b - Ensorcelled Hibernat  Hex/Ice        ##....       7%          2    ##.....
c - Confuse               Hex            ###.....     4%          3    ###....


Dungeon Overview and Level Annotations

Branches:
Dungeon (6/15)
 Temple: D:4-7

Altars:
Gozag

Annotations:
D:6 Dowan


Innate Abilities, Weirdness & Mutations

You are tiny and cannot use many weapons and most armour.
You have supernaturally acute eyesight.
You are a herbivore.
You cover ground extremely quickly.
You need consume almost no food.


Message History

You are too injured to fight recklessly!
You are too injured to fight recklessly!
You strike the helpless Dowan from behind!
You impale Dowan!!
Dowan is severely wounded.
* * * LOW HITPOINT WARNING * * *
You feel sick.
* * * LOW HITPOINT WARNING * * *
You feel sick.
You hit Dowan but do no damage.
Dowan is severely wounded.
* * * LOW HITPOINT WARNING * * *
You feel sick.
You completely miss Dowan.
Dowan is severely wounded.
* * * LOW HITPOINT WARNING * * *
You feel sick.
Dowan ponders the situation.
Dowan hits you with a dagger of venom.
You die...

#.........###...########
###.......#
#.#........#######
#.####.####.########........
#. ##......# #########
#.###....#### #
#.....##.####
####..####...)# #....>.#
####.# #....#.#### #@######
####### #....#....###.e..<.#
##......
#########..#######.##
#....... ##e#
##...###.#.#.#. #.#
##.....##....... #.#
#.....<...#.#.#. #..
#............... ###
#.......#.#.#.#.
##.....##..^....


You could see Dowan (confused).

Vanquished Creatures
  Edmund (D:6)
  Duvessa (D:6)
  A phantom (D:4)
  2 ogres (D:5)
  2 hounds
  2 worker ants
  6 adders
  An adder zombie (D:5)
  3 dart slugs
  3 worms (D:3)
  3 giant geckos
  4 orcs
  A ball python (D:3)
  6 bats
  5 giant cockroaches
  3 goblins
  3 hobgoblins
  2 jackals (D:1)
  4 quokkas
  4 giant newts (D:3)
  6 kobolds
  6 rats
69 creatures vanquished.

Notes
Turn   | Place    | Note
--------------------------------------------------------------
     0 | D:1      | epen the Spriggan Enchanter began the quest for the Orb.
     0 | D:1      | Reached XP level 1. HP: 9/9 MP: 5/5
   343 | D:1      | Reached XP level 2. HP: 14/14 MP: 6/6
   379 | D:1      | Learned a level 2 spell: Ensorcelled Hibernation
   704 | D:2      | Found an opulent altar of Gozag.
  1486 | D:2      | Reached XP level 3. HP: 17/17 MP: 8/8
  2227 | D:2      | Reached skill level 5 in Stealth
  2277 | D:2      | Learned a level 3 spell: Confuse
  2433 | D:3      | Reached XP level 4. HP: 20/21 MP: 9/9
  2493 | D:3      | Found a faded altar to an unknown god.
  2509 | D:3      | Reached skill level 1 in Fighting
  3417 | D:4      | Noticed a phantom
  3640 | D:4      | Reached XP level 5. HP: 23/25 MP: 10/10
  3919 | D:4      | Killed a phantom
  3995 | D:5      | Entered Level 5 of the Dungeon
  4100 | D:5      | Noticed an ogre
  4153 | D:5      | Killed an ogre
  4153 | D:5      | Reached skill level 5 in Dodging
  4153 | D:5      | Reached XP level 6. HP: 24/30 MP: 0/12
  4883 | D:6      | Noticed Edmund
  4906 | D:6      | Killed Edmund
  4906 | D:6      | Reached skill level 1 in Shields
  4906 | D:6      | Reached XP level 7. HP: 30/35 MP: 1/14
  5027 | D:6      | Noticed Dowan
  5031 | D:6      | Noticed Duvessa
  5063 | D:6      | Killed Duvessa
  5073 | D:6      | Slain by Dowan

Vault maps used:
D:1:      wheals_arrival_linesprint, st_stairs_10,
          hangedman_abyss_or_decor_stabs
D:2:      marbit_many_paths, first_bread
D:3:      ecumenical_altar_2
D:4:      serial_forest, infiniplex_forest_clump_curved,
          infiniplex_forest_clump_medium, infiniplex_forest_zigzag_1,
          infiniplex_forest_zigzag_1, infiniplex_forest_zigzag_2,
          infiniplex_forest_straight_2
D:5:      minmay_misc_feat_four_crosses
D:6:      glass_columns_c, uniq_edmund, uniq_crazy_yiuf_cottage, uniq_duvessa

Skill      XL: |  1  2  3  4  5  6  7 |
---------------+----------------------+-----
Spellcasting   | 3 4 |  4.1
Hexes          | 4 |  4.8
Short Blades   | 2 3 4 |  4.1
Stealth        | 5 6 |  6.6
Dodging        | 4 5 6 |  6.2
Fighting       | 1 2 |  2.2
Shields        | 1 |  1.1

Action                   |  1- 3 |  4- 6 |  7- 9 || total
-------------------------+-------+-------+-------++-------
Melee: Dagger            |   143 |   112 |    16 ||   271
 Cast: Ensorcelled Hiber |     7 |     9 |     1 ||    17
       Confuse           |       |    14 |     3 ||    17
  Use: Scroll            |       |    14 |       ||    14
 Stab: Sleeping          |    22 |    14 |     1 ||    37
       Confused          |       |     7 |     3 ||    10
  Eat: Fruit             |       |     3 |       ||     3
       Bread ration      |       |       |     1 ||     1
Armor: Robe              |    15 |     5 |     4 ||    24
Dodge: Dodged            |    92 |    50 |    11 ||   153
Block: Buckler           |       |     5 |     2 ||     7
